 Dungeon Crawl Stone Soup version 0.25-a0-341-g6f074c887a (webtiles) character file.

Game seed: 13127590734397854894, levelgen mode: deterministic

717 jclain the Chopper (level 7, -1/61 HPs)
             Began as a Minotaur Berserker on Dec 30, 2019.
             Was a Priest of Trog.
             Slain by a slave (5 damage)
             ... led by Pikel
             ... on level 5 of the Dungeon.
             The game lasted 00:13:50 (3794 turns).

jclain the Chopper (Minotaur Berserker)             Turns: 3794, Time: 00:13:51

Health: -1/61      AC:  6    Str: 24    XL:     7   Next: 42%
Magic:  6/6        EV: 12    Int:  4    God:    Trog [***...]
Gold:   213        SH:  0    Dex:  9    Spells: 6/6 levels left

rFire    . . .     SeeInvis .   a - +0 hand axe
rCold    . . .     Gourm    +   (no shield)
rNeg     . . .     Faith    .   u - +0 ring mail (curse)
rPois    .         Spirit   .   (helmet restricted)
rElec    .         Reflect  .   (no cloak)
rCorr    .         Harm     .   (no gloves)
MR       ++...                  (no boots)
Stlth    +.........             o - amulet of the gourmand
HPRegen  1.20/turn              (no ring)
MPRegen  0.10/turn              (no ring)

@: regenerating
A: retaliatory headbutt, horns 2
a: Berserk, Trog's Hand, Renounce Religion


You were on level 5 of the Dungeon.
You worshipped Trog.
Trog was most pleased with you.
You were very full.

You visited 2 branches of the dungeon, and saw 6 of its levels.

You collected 213 gold pieces.

Inventory:

Hand Weapons
 a - a +0 hand axe (weapon)
Armour
 b - a +0 animal skin
 d - a +0 ring mail
 h - a +0 plate armour
 t - a +0 large shield
 u - a cursed +0 ring mail (worn)
Jewellery
 o - an amulet of the gourmand (around neck)
 v - an uncursed ring of positive energy {unknown}
 w - an uncursed ring of protection from magic {unknown}
 z - an uncursed ring of protection from cold {unknown}
Scrolls
 e - a scroll of magic mapping {unknown}
 i - 3 scrolls of identify
 j - a scroll of remove curse {unknown}
 k - 2 scrolls of amnesia {unknown}
 m - a scroll of enchant armour {unknown}
 p - 2 scrolls of enchant weapon {unknown}
 q - 3 scrolls of immolation {unknown}
 r - a scroll of teleportation {unknown}
 s - 2 scrolls of blinking {unknown}
 x - a scroll of acquirement {unknown}
 y - a scroll of noise {unknown}
Potions
 f - 3 potions of heal wounds {unknown}
 g - 2 potions of mutation {unknown}
 l - a potion of berserk rage {unknown}
 n - 2 potions of agility {unknown}
Comestibles
 c - 8 rations


   Skills:
 + Level 5.6 Fighting
 + Level 7.0 Axes
 + Level 5.8 Armour
 + Level 3.6 Dodging
 + Level 0.8 Stealth


You had 6 spell levels left.
You didn't know any spells.
Your spell library was empty.

Dungeon Overview and Level Annotations

Branches:
Dungeon (5/15)             Temple (1/1) D:4

Altars:
Ashenzari
Dithmenos
Elyvilon
Fedhas
Gozag
Hepliaklqana
Kikubaaqudgha
Makhleb
Nemelex Xobeh
Okawaru
Qazlal
Ru
Sif Muna
Trog
Vehumet
Wu Jian
Xom
Yredelemnul
Zin
The Shining One

Annotations:
D:5 Edmund, Pikel


Innate Abilities, Weirdness & Mutations

You reflexively headbutt those who attack you in melee.
You have a pair of horns on your head.


Message History

Pikel is moderately wounded.
You closely miss the slave. You hit the slave. x2; You hit Edmund.
You closely miss the slave. Pikel barely misses you. You furiously retaliate!
You headbutt Pikel, but do no damage. The slave barely misses you. x2
You furiously retaliate!
You headbutt the slave. The slave closely misses you. You furiously retaliate!
You headbutt the slave, but do no damage.
Edmund hits you but does no damage.
Your skin crawls.
You feel resistant to hostile enchantments.
You feel somewhat less full. The slave hits you.
* * * LOW HITPOINT WARNING * * *
Pikel hits you with a +2 whip of freezing.
* * * LOW HITPOINT WARNING * * *
Pikel freezes you.
* * * LOW HITPOINT WARNING * * *
The slave hits you.
* * * LOW HITPOINT WARNING * * *
The slave hits you.
You die...

###########
#..%......#
#.........#
###.........#
#########...........+
#.........#.........#
#.........#.pKp.....#
#.........#.p@@.....#
#....(....#...p.....#
#.........#.........#
#.........####.......
#............#.......
#............#.......
#............#.......
######.......###'##..
#.....### ##


You could see Edmund, Pikel and 4 slaves.

Vanquished Creatures
  An ice beast (D:5)
  A phantom (D:4)
  3 howler monkeys
  A crimson imp (D:5)
  A centaur skeleton (D:4)
  2 hounds
  A jelly (D:5)
  A bullfrog skeleton (D:4)
  A gnoll shaman (D:4)
  An iguana (D:5)
  2 worker ants (D:4)
  2 adders
  3 gnolls (D:4)
  3 worms
  A dart slug (D:1)
  4 leopard geckos
  2 orcs
  7 bats
  4 giant cockroaches
  4 goblins
  9 hobgoblins
  7 jackals
  4 quokkas
  7 frilled lizards
  A jackal zombie (D:5)
  12 kobolds
  2 leopard gecko skeletons (D:4)
  8 rats
95 creatures vanquished.

Notes
Turn   | Place    | Note
-------+----------+-------------------------------------------
     0 | D:1      | jclain the Minotaur Berserker began the quest for the Orb.
     0 | D:1      | Reached XP level 1. HP: 19/19 MP: 0/0
   128 | D:1      | Reached skill level 4 in Axes
   128 | D:1      | Reached XP level 2. HP: 26/27 MP: 1/1
   624 | D:2      | Reached ** piety under Trog
   641 | D:2      | Noticed a howler monkey
   653 | D:2      | Reached XP level 3. HP: 11/33 MP: 2/2
   654 | D:2      | Reached XP level 4. HP: 15/41 MP: 3/3
  1171 | D:2      | Found a bloodstained altar of Trog.
  1191 | D:2      | Reached skill level 5 in Axes
  1384 | D:3      | Found an opulent altar of Gozag.
  1474 | D:3      | Reached *** piety under Trog
  1852 | D:4      | Reached skill level 5 in Fighting
  1852 | D:4      | Reached XP level 5. HP: 31/48 MP: 4/4
  1867 | D:4      | Found a staircase to the Ecumenical Temple.
  1904 | D:4      | Noticed a phantom
  1925 | D:4      | Killed a phantom
  1926 | D:4      | Reached XP level 6. HP: 20/56 MP: 5/5
  2169 | D:4      | Found a shimmering blue altar of Sif Muna.
  2285 | D:4      | Reached skill level 6 in Axes
  2315 | D:4      | Found a glowing golden altar of the Shining One.
  2676 | D:4      | Found a shattered altar of Ashenzari.
  2975 | Temple   | Entered the Ecumenical Temple
  3127 | D:5      | Entered Level 5 of the Dungeon
  3451 | D:5      | Reached skill level 5 in Armour
  3477 | D:5      | Found a burning altar of Makhleb.
  3484 | D:5      | Reached XP level 7. HP: 27/61 MP: 6/6
  3769 | D:5      | Reached skill level 7 in Axes
  3784 | D:5      | Noticed Edmund
  3785 | D:5      | Noticed Pikel
  3794 | D:5      | Slain by a slave

Levels and vault maps discovered:
D:1:      lightli_molten_gateway, layout_loops_ring
D:2:      layout_rooms, st_stairs_4, bloody_trog
D:3:      layout_rooms, lemuel_round_altar, first_ration, minmay_ruptured
D:4:      layout_loops_cross, kennysheep_little_box,
          nicolae_tso_swordbearing_angel, minmay_temple_entry_junction_2,
          nicolae_ashenzari_panopticon
D:5:      layout_basic, old_standard_altar, nicolae_overflow_hidden_temple,
          uniq_pikel, uniq_edmund
Temple:   eino_temple_scatter_basement

Skill      XL: |  1  2  3  4  5  6  7 |
---------------+----------------------+-----
Axes           | 4 5 6 7 |  7.0
Fighting       | 4 5 |  5.6
Armour         | 3 4 5 |  5.8
Dodging        | 3 |  3.6
Stealth        | |  0.8

Action                   |  1- 3 |  4- 6 |  7- 9 || total
-------------------------+-------+-------+-------++-------
Melee: Hand axe          |    53 |   147 |    37 ||   237
       Headbutt          |     7 |    25 |     4 ||    36
Invok: Berserk           |     1 |     2 |       ||     3
       Trog's Hand       |       |     1 |     2 ||     3
  Use: Scroll            |       |     1 |       ||     1
  Eat: Chunk             |       |    14 |     7 ||    21
Armor: Ring mail         |    25 |    40 |     8 ||    73
Dodge: Dodged            |    30 |    87 |    27 ||   144

Table legend:
 A = Non-vault XP
 B = Vault XP
 C = Vault XP percentage of total XP
 D = Non-vault monster count
 E = Vault monster count
 F = Vault count percentage of total count
                 A         B        C        D         E       F
            +---------+---------+-------+---------+---------+-------
      Total |     961 |      64 |   6.2 |      90 |       5 |   5.3
            +---------+---------+-------+---------+---------+-------
        D:1 |      31 |       0 |   0.0 |      18 |       0 |   0.0
        D:2 |      68 |      56 |  45.2 |      31 |       2 |   6.1
        D:3 |      22 |       8 |  26.7 |      11 |       3 |  21.4
        D:4 |     464 |       0 |   0.0 |      18 |       0 |   0.0
        D:5 |     376 |       0 |   0.0 |      12 |       0 |   0.0
            +---------+---------+-------+---------+---------+-------
